AoeStats
← EddieLooo

Fortress

509130234Analyzed
4v4 RM · 6d ago on Sep 25, 2026· 64m 46s· 8 players
Game mode
Random Map
Map size
Huge
Population
200
Speed
Normal
Resources
Standard
Victory
Conquest
Starting age
Dark Age
Ending age
Imperial Age
RankedLock teamsTeams togetherTeam positionsShared explorationLock speedFull tech treeHidden civsTurbo modeCheats
Victory
Defeat
🇭🇰 Saracens · Hong Kong SAR China
1469
+8
🇲🇴 Khmer · Macao SAR China
1201
+18
🇨🇳 Mongols · China
1158
+20
🇲🇴 Britons · Macao SAR China
1091
+21
🇭🇰 Georgians · Hong Kong SAR China
1271
-18
🇭🇰 Britons · Hong Kong SAR China
1257
-17
🇫🇷 Spanish · France
1256
-17
🇮🇳 Danes · India
1213
-15
IdliDosa
8:39 Feudal Age
9:38 Double-Bit Axe
9:50 Horse Collar
12:16 Castle Age
13:42 Bow Saw
13:34 Heavy Plow
13:23 Loom
15:47 Wheelbarrow
20:01 Hand Cart
19:32 Town Watch
21:25 Stone Mining
21:25 Gold Mining
26:07 Imperial Age
23:55 Squires
23:42 Arson
25:28 Gold Shaft Mining
25:28 Stone Shaft Mining
26:05 Hamask
26:47 Scale Mail Armor
26:57 Forging
26:40 Fletching
26:51 Padded Archer Armor
26:21 Pikeman
27:41 Onager
28:59 Bodkin Arrow
29:27 Ballistics
29:39 Chain Mail Armor
29:14 Halberdier
30:36 Conscription
31:04 Leather Archer Armor
31:11 Bracer
32:39 Ring Archer Armor
31:31 Elite Skirmisher
32:16 Thumb Ring
34:20 Chemistry
35:34 Plate Mail Armor
35:39 Iron Casting
38:52 Blast Furnace
40:24 Northmen's Fury
46:04 Heavy Mounted Crossbowman
46:45 Cranequins
48:23 Husbandry
50:08 Bloodlines
Rudolf
8:10 Feudal Age
9:44 Double-Bit Axe
9:41 Horse Collar
12:09 Castle Age
13:20 Gold Mining
13:42 Bow Saw
13:20 Loom
18:53 Wheelbarrow
20:00 Heavy Plow
19:51 Gold Mining
21:33 Hand Cart
23:15 Stone Mining
27:14 Imperial Age
25:46 Scale Barding Armor
25:52 Forging
25:47 Husbandry
26:02 Bloodlines
26:06 Forging
26:54 Chain Barding Armor
27:22 Caravan
28:00 Iron Casting
29:05 Plate Barding Armor
28:45 Fletching
29:33 Crop Rotation
29:09 Elite Monaspa
31:18 Blast Furnace
31:55 Masonry
32:09 Ballistics
32:16 Conscription
32:01 Aznauri Cavalry
31:30 Capped Ram
33:25 Fletching
33:36 Padded Archer Armor
33:48 Masonry
33:13 Siege Ram
35:55 Hoardings
36:37 Scale Mail Armor
38:45 Elite Skirmisher
39:33 Bodkin Arrow
40:52 Bracer
42:34 Chemistry
42:05 Architecture
41:40 Town Watch
43:12 Leather Archer Armor
42:56 Murder Holes
46:32 Siege Ram
48:11 Pikeman
48:51 Squires
48:54 Halberdier
49:37 Crossbowman
50:43 Chain Mail Armor
53:28 Plate Mail Armor
53:15 Onager
54:03 Siege Engineers
54:33 Siege Onager
Alexiỗs
7:09 Feudal Age
11:24 Castle Age
9:29 Horse Collar
9:51 Double-Bit Axe
11:09 Loom
11:36 Bloodlines
12:08 Husbandry
12:38 Bow Saw
19:07 Wheelbarrow
18:20 Town Watch
20:01 Padded Archer Armor
23:19 Hand Cart
23:19 Heavy Plow
23:43 Leather Archer Armor
23:57 Bloodlines
24:29 Gold Mining
29:56 Imperial Age
28:25 Stone Mining
29:57 Stone Shaft Mining
29:52 Town Patrol
30:11 Masonry
31:13 Ring Archer Armor
31:46 Two-Man Saw
31:52 Chemistry
31:07 Elite Conquistador
33:13 Light Cavalry
34:04 Scale Barding Armor
34:11 Forging
34:26 Hussar
35:35 Chain Barding Armor
37:03 Iron Casting
36:36 Caravan
38:25 Plate Barding Armor
38:24 Conscription
39:45 Hoardings
39:31 Supremacy
40:31 Ballistics
41:36 Blast Furnace
40:28 Fletching
41:44 Architecture
44:08 Bodkin Arrow
43:39 Cavalier
45:13 Bracer
45:10 Arrowslits
45:22 Murder Holes
45:38 Fortified Wall
45:25 Paladin
47:32 Scale Mail Armor
56:49 Sappers
S.H.E
8:20 Feudal Age
12:07 Castle Age
9:58 Double-Bit Axe
10:58 Gold Mining
10:53 Horse Collar
12:58 Bow Saw
13:54 Fletching
17:01 Loom
20:58 Wheelbarrow
25:38 Imperial Age
23:22 Stone Mining
23:36 Heavy Plow
24:42 Bodkin Arrow
24:48 Pikeman
25:32 Scale Mail Armor
26:08 Forging
26:45 Chain Mail Armor
26:00 Halberdier
27:11 Conscription
28:25 Padded Archer Armor
29:04 Bracer
29:23 Leather Archer Armor
30:00 Plate Mail Armor
30:35 Ring Archer Armor
30:42 Iron Casting
30:38 Warwolf
31:02 Yeomen
30:28 Elite Longbowman
33:07 Chemistry
32:08 Light Cavalry
32:51 Husbandry
33:48 Ballistics
33:39 Masonry
33:26 Cavalier
36:12 Scale Barding Armor
37:10 Blast Furnace
36:33 Caravan
43:00 Chain Barding Armor
43:03 Elite Skirmisher
49:15 Plate Barding Armor
56:24 Coinage
danielchanlam
7:05 Feudal Age
11:22 Castle Age
10:22 Gold Mining
12:10 Double-Bit Axe
12:09 Horse Collar
14:22 Bow Saw
18:04 Wheelbarrow
20:46 Gold Shaft Mining
24:41 Imperial Age
23:08 Pikeman
25:05 Gold Shaft Mining
26:31 Chemistry
25:52 Ballistics
25:50 Stone Mining
26:10 Double Crossbow
27:00 Scale Mail Armor
27:11 Forging
28:58 Hand Cart
29:33 Heavy Scorpion
29:35 Halberdier
32:23 Chain Mail Armor
32:44 Iron Casting
34:33 Capped Ram
35:23 Caravan
36:43 Siege Ram
42:19 Arson
44:42 Elite Ballista Elephant
49:44 Light Cavalry
50:34 Bloodlines
50:25 Husbandry
58:14 Elite Battle Elephant
59:52 Hussar
64:25 Scale Barding Armor
65:20 Blast Furnace
kenny yip
7:05 Feudal Age
10:45 Castle Age
8:42 Double-Bit Axe
9:39 Horse Collar
12:09 Bow Saw
13:16 Heavy Plow
16:01 Loom
18:04 Wheelbarrow
17:15 Town Watch
17:44 Stone Mining
21:17 Gold Mining
25:19 Imperial Age
23:17 Scale Barding Armor
24:05 Hand Cart
24:28 Bloodlines
24:18 Husbandry
24:39 Husbandry
24:51 Forging
25:46 Caravan
26:17 Coinage
25:39 Elite Mameluke
27:54 Gold Shaft Mining
26:52 Light Cavalry
28:16 Conscription
29:03 Iron Casting
28:49 Chain Barding Armor
29:27 Conscription
30:09 Coinage
31:31 Blast Furnace
32:40 Plate Barding Armor
32:55 Banking
38:50 Fletching
39:23 Ballistics
40:03 Chemistry
40:46 Capped Ram
41:45 Bodkin Arrow
42:40 Siege Ram
44:18 Bracer
45:41 Hussar
54:46 Scale Mail Armor
54:46 Padded Archer Armor
EddieLooo
7:44 Feudal Age
12:06 Castle Age
10:09 Horse Collar
10:40 Double-Bit Axe
23:51 Gold Mining
27:25 Imperial Age
25:22 Fletching
25:51 Heavy Plow
26:22 Bodkin Arrow
28:20 Ballistics
28:03 Padded Archer Armor
28:39 Bracer
30:17 Chemistry
30:14 Bow Saw
30:29 Leather Archer Armor
30:35 Crossbowman
30:43 Elite Skirmisher
32:02 Ring Archer Armor
32:27 Arbalester
34:23 Forging
34:09 Arbalester
36:51 Gold Shaft Mining
38:09 Yeomen
46:01 Coinage
47:10 Scale Mail Armor
47:46 Iron Casting
48:02 Gambesons
49:17 Pikeman
49:58 Squires
51:13 Two-Man Saw
51:29 Blast Furnace
50:44 Chain Mail Armor
51:39 Halberdier
51:53 Man-at-Arms
52:37 Long Swordsman
55:44 Banking
62:43 Elite Longbowman
63:48 Conscription
ok go
6:51 Feudal Age
11:17 Castle Age
10:02 Double-Bit Axe
9:58 Horse Collar
10:41 Stone Mining
11:14 Gold Mining
12:46 Bow Saw
20:12 Wheelbarrow
22:08 Hand Cart
23:41 Loom
27:15 Imperial Age
24:49 Padded Archer Armor
24:45 Fletching
24:57 Town Watch
26:05 Bodkin Arrow
26:49 Leather Archer Armor
27:43 Gold Shaft Mining
27:48 Bloodlines
27:41 Heavy Plow
28:23 Conscription
28:29 Conscription
28:19 Bracer
28:41 Ballistics
29:16 Elite Mangudai
30:04 Husbandry
31:34 Chemistry
32:23 Thumb Ring
33:19 Parthian Tactics
33:32 Stone Shaft Mining
33:25 Fortified Wall
33:48 Light Cavalry
34:34 Scale Barding Armor
34:40 Forging
34:49 Hussar
36:07 Chain Barding Armor
36:29 Siege Engineers
38:49 Capped Ram
39:55 Drill
40:12 Siege Ram
41:10 Masonry
45:00 Caravan
54:08 Scale Mail Armor
54:52 Iron Casting
57:35 Blast Furnace
Connection lost

Rejoining the realm…

Still unreachable

The connection could not be restored.

Session expired

The server has moved on; the page needs a fresh start.